 Dungeon Sprint DCSS version 0.30-a0-728-gc68057be0a (webtiles) character file.

Game seed: 14730322641436572793

62 Darkkill the Cudgeller (level 4, -3/28 HPs)
             Began as a Gargoyle Wanderer on Jan 30, 2023.
             Slain by a necrophage (5 damage)
             ... in the Dungeon (Sprint II: "The Violet Keep of Menkaure").
             The game lasted 00:00:16 (20 turns).

Darkkill the Cudgeller (Gargoyle Wanderer)            Turns: 20, Time: 00:00:16

Health: -3/28      AC:  7    Str: 21    XL:     4   Next: 8%
Magic:  4/4        EV: 11    Int:  9    God:
Gold:   0          SH:  0    Dex:  9    Spells: 3/3 levels left

rFire   . . .      SeeInvis .    a - +2 mace
rCold   . . .      Faith    .    (no shield)
rNeg    + . .      Spirit   .    f - +0 leather armour
rPois   ∞          Reflect  .    (no helmet)
rElec   +          Harm     .    (no cloak)
rCorr   .          Rampage  .    (no gloves)
Will    .....      NoTele   +    (no boots)
Stlth   ++                       (no amulet)
HPRegen 0.24/turn                (no ring)
MPRegen 0.09/turn                (no ring)

@: on berserk cooldown, slowed, very slow
A: sickness immunity, AC +3, negative energy resistance 1, electricity
resistance, torment resistance 1, petrification resistance
a: no special abilities


You were in the Dungeon.
You visited 1 branch

Inventory:

Hand Weapons
 a - a +2 mace (weapon)
 b - a +0 sling
 d - a +0 dagger
Missiles
 c - 9 poisoned darts (quivered)
Armour
 f - a +0 leather armour (worn)
Scrolls
 e - a scroll of fear
 l - a scroll of blinking
Potions
 g - a potion of curing {@q1}
 h - a potion of heal wounds
 i - a potion of haste
 j - 2 potions of magic


   Skills:
 + Level 3.4 Fighting
 + Level 5.0 Maces & Flails
 + Level 3.5 Ranged Weapons
 + Level 2.8 Throwing
 + Level 3.4 Armour
 + Level 3.7 Stealth


You had 3 spell levels left.
You didn't know any spells.
Your spell library was empty.

Dungeon Overview and Level Annotations

Branches:
Dungeon (1/1)

Altars:


Innate Abilities, Weirdness & Mutations

You are immune to sickness and miasma.
Your stone body is resilient. (AC +3)
You are immune to poison.
You resist negative energy. (rN+)
You are resistant to electric shocks. (rElec)
You are resistant to unholy torment.
You are immune to petrification.


Message History

Welcome, Darkkill the Gargoyle Wanderer.
Press ? for a list of commands and other information.
Found a staircase leading out of the dungeon.
You begin with the following items: a +2 mace, a +0 sling, 9 poisoned darts, a +0 dagger, a scroll of fear, a +0 leather armour, a potion of curing {@q1}, a potion of heal wounds, a potion of haste, 2 potions of magic, a potion of berserk rage, a scroll of blinking.
You open the door. 4 necrophages come into view.
Found 243 gold pieces.
There is a staircase leading out of the dungeon here.
A red film seems to cover your vision as you go berserk!
You feel yourself moving faster!
You feel mighty!
You sock the necrophage!
The necrophage is moderately damaged.
You thump the necrophage!
The necrophage is severely damaged.
The necrophage hits you.
You sock the necrophage!
The necrophage is almost destroyed.
The necrophage closely misses you.
You sock the necrophage!
You destroy the necrophage!
Your Fighting skill gained 2 levels and is now at level 3!
Your Maces & Flails skill increases to level 5!
Your Ranged Weapons skill increases to level 3!
Your Throwing skill increases to level 2!
Your Armour skill gained 2 levels and is now at level 3!
Your Stealth skill gained 2 levels and is now at level 3!
You have reached level 2!
You have reached level 3!
Your experience leads to an increase in your attributes!
Increase (S)trength, (I)ntelligence, or (D)exterity?
You feel stronger. x2
You have reached level 4!
You feel stronger.
You closely miss the necrophage.
The necrophage hits you but does no damage.
You completely miss the necrophage. You barely miss the necrophage.
The necrophage closely misses you.
The necrophage hits you but does no damage.
You feel a strong urge to attack something.
The necrophage closely misses you.
There is a staircase leading out of the dungeon here.
You hit the necrophage.
The necrophage is lightly damaged.
You thump the necrophage!
The necrophage is moderately damaged.
The necrophage hits you.
You hit the necrophage.
The necrophage is lightly damaged.
The necrophage hits you.
The necrophage hits you but does no damage.
The necrophage hits you.
You closely miss the necrophage.
The necrophage is moderately damaged.
The necrophage hits you. x3
You bludgeon the necrophage!!
The necrophage is severely damaged.
You thump the necrophage!
The necrophage is heavily damaged.
The necrophage closely misses you. The necrophage hits you. x2
You barely miss the necrophage.
The necrophage is severely damaged.
The necrophage hits you.
* * * LOW HITPOINT WARNING * * *
The necrophage hits you.
* * * LOW HITPOINT WARNING * * *
The necrophage hits you.
* * * LOW HITPOINT WARNING * * *
You closely miss the necrophage.
The necrophage is heavily damaged.
You are no longer berserk.
You are exhausted.
You feel yourself slow down. The necrophage hits you.
* * * LOW HITPOINT WARNING * * *
The necrophage hits you.
You die... #+# ##.## +n@n+

##n##
#'#
.$.
..#..
##.
.##
## ##


You could see 3 necrophages.

Vanquished Creatures
  A necrophage (D)
1 creature vanquished.

Vanquished Creatures (others)
  A water moccasin (D)
1 creature vanquished.

Grand Total: 2 creatures vanquished

Notes
Turn   | Place    | Note
-------+----------+-------------------------------------------
     0 | D        | Darkkill the Gargoyle Wanderer began the quest for the Orb.
     0 | D        | Darkkill set off with the following items: a +2 mace, a +0
                  | sling, 9 poisoned darts, a +0 dagger, a scroll of fear, a
                  | +0 leather armour, a potion of curing {@q1}, a potion of
                  | heal wounds, a potion of haste, 2 potions of magic, a
                  | potion of berserk rage, a scroll of blinking.
     0 | D        | Reached XP level 1. HP: 12/12 MP: 1/1
     1 | D        | Noticed a necrophage
     1 | D        | Noticed a necrophage
     1 | D        | Noticed a necrophage
     1 | D        | Noticed a necrophage
     7 | D        | Killed a necrophage
     8 | D        | Reached skill level 5 in Maces & Flails
     8 | D        | Reached XP level 2. HP: 19/19 MP: 2/2
     8 | D        | Reached XP level 3. HP: 23/23 MP: 3/3
     8 | D        | Reached XP level 4. HP: 28/28 MP: 4/4
    10 | D        | Killed a water moccasin
    20 | D        | HP: 2/28 [necrophage (5)]
    20 | D        | Slain by a necrophage

Illustrated notes

Levels and vault maps discovered:
D:        the_violet_keep_of_menkaure [sprint2_stairs_cluster_1,
          sprint2_shoproom, sprint2_temple, sprint2_basic_supplies,
          sprint2_obstacle_1, sprint2_obstacle_5, sprint2_obstacle_2,
          sprint2_obstacle_4, sprint2_obstacle_7, sprint2_timed_cluster_1,
          sprint2_smallroom_cluster_1, sprint2_smallroom_final_cluster_1,
          sprint2_transparent_cluster_1, sprint2_second_timed_cluster_1,
          sprint2_sniper_area_1, sprint2_heavy_combat_area_1,
          sprint2_mutation_trap_area_1, sprint2_forest_area_1,
          sprint2_light_combat_area_1, sprint2_behind_water_1,
          sprint2_near_end_vault_1]

Skill      XL: |  1 |
---------------+----+-----
Fighting       | 3 |  3.4
Maces & Flails | 5 |  5.0
Ranged Weapons | 3 |  3.5
Throwing       | 2 |  2.8
Armour         | 3 |  3.4
Stealth        | 3 |  3.7

Action                     |  1- 3 |  4- 6 || total
---------------------------+-------+-------++-------
  Melee: Mace              |     4 |    11 ||    15
    Use: Potion            |     1 |       ||     1
 Armour: Leather armour    |       |     3 ||     3
  Dodge: Dodged            |     1 |     3 ||     4

Table legend: (Time is in decaauts)
 A = Elapsed time spent in this place.
 B = Non-inter-level travel time spent in this place.
 C = Inter-level travel time spent in this place.
 D = Time resting spent in this place.
 E = Time spent auto-exploring this place.
 F = Levels seen in this place.
 G = Mean time per level.
                   A        B        C        D        E       F      G
               +--------+--------+--------+--------+--------+-----+--------+
         Total |     16 |     16 |      0 |      0 |      0 |   1 |   16.0 |
       Dungeon |     16 |     16 |      0 |      0 |      0 |   1 |   16.0 |
               +--------+--------+--------+--------+--------+-----+--------+

Top non-repeatable levels by time:
       D: 16 daAuts

Table legend:
 A = Kills in this place as a percentage of kills in entire the game.
 B = Kills by you in this place as a percentage of kills by you in the entire game.
 C = Kills by friends in this place as a percentage of kills by friends in the entire game.
 D = Other kills in this place as a percentage of other kills in the entire game.
 E = Experience gained in this place as a percentage of experience gained in the entire game.
 F = Experience gained in this place divided by the number of levels of this place that you have seen.
                   A       B       C       D       E      F
               +-------+-------+-------+-------+-------+----------------------
         Total | 100.0 | 100.0 |   N/A |   N/A | 100.0 |  89.0
       Dungeon | 100.0 | 100.0 |   N/A |   N/A | 100.0 |  89.0
               +-------+-------+-------+-------+-------+----------------------
